Merlek, neutral male human Ranger ..U .@. ..f Merlek the Ranger Experience level: 12 Strength: 18/05 Dexterity: 14 Constitution: 17 Intelligence: 13 Wisdom: 14 Charisma: 10 Health: 0(82) Energy: 68(68) Def: 16 Gold: 678 Moves: 25662 Dungeon seed [set]: Game ID: Merlek_1695548170 Your Inventory: Coins $ - 678 gold pieces Amulets d - an uncursed amulet of reflection (being worn) Weapons a - the uncursed rustproof +6 Vorpal Blade (weapon in hand) c - 41 uncursed +2 arrows (in quiver) v - a blessed +2 bow named Mighty Bow (alternate weapon; not wielded) G - 14 blessed poisoned +6 orcish arrows P - a blessed corroded +4 dagger named Dagger of Redress Armor e - an uncursed +0 dwarvish mithril-coat (being worn) n - an uncursed +0 pair of elven boots (being worn) q - a blessed fireproof +5 cloak of magic resistance (being worn) r - an uncursed +1 dwarvish iron helm (being worn) z - an uncursed +1 pair of leather gloves Rings O - an uncursed ring of free action (on left hand) Q - an uncursed ring of fire resistance (on right hand) V - a cursed ring of sustain ability Wands b - an uncursed wand of make invisible (0:0) f - an uncursed wand of cold (0:5) g - a blessed wand of slow monster (0:3) i - an uncursed wand of polymorph (0:5) o - an uncursed wand of make invisible (0:5) p - an uncursed wand of speed monster (0:5) u - an uncursed wand of speed monster (0:1) D - an uncursed wand of enlightenment (0:7) F - an uncursed wand of sleep (0:4) J - an uncursed wand of make invisible (0:2) K - an uncursed wand of digging named -2 (0:4) M - an uncursed wand of locking (0:5) Y - an uncursed wand of magic missile (0:4) Tools h - an uncursed +0 unicorn horn k - an uncursed iron key l - an uncursed oil lamp (0:941) s - an uncursed stethoscope t - an uncursed partly used tallow candle (0:121) x - an uncursed +0 pick-axe A - an uncursed bronze key named tele poison I - an uncursed oilskin sack T - an uncursed fire horn (0:6) X - an uncursed blindfold Z - an uncursed +0 unicorn horn Gems y - an uncursed worthless piece of green glass N - an uncursed flint Contents of the oilskin sack: a blessed +1 dagger named Dagger of Carnage an uncursed eucalyptus leaf 5 uncursed food rations 4 uncursed scrolls of blank paper a blessed scroll of charging a blessed scroll of destroy armor 2 uncursed scrolls of earth a [uncursed] scroll of enchant armor an uncursed scroll of enchant weapon a blessed scroll of genocide a [cursed] scroll of identify a blessed scroll of light 3 uncursed scrolls of light 2 uncursed scrolls of magic mapping an uncursed scroll of punishment 3 uncursed scrolls of scare monster an uncursed scroll of scare monster 2 uncursed scrolls of water an uncursed potion of extra healing a potion of holy water an uncursed ring of conflict an uncursed ring of regeneration Spells and supernatural/magical abilities: Name Level Category Fail Memory a - detect monsters 1* divination 100% 0% b - force bolt 1* attack 100% 0% c - protection 1 clerical 100% 19% d - remove curse 3 clerical 100% 25% e - haste self 3 escape 100% 32% f - light 1 divination 100% 37% g - invisibility 4 escape 100% 56% h - create monster 2 clerical 100% 57% W - pray for help -- divine ? -- Your skills at the end: Miscellaneous Skills wands [Basic] stealth [Expert] Weapon Skills dagger [Skilled] long sword [Basic] bow [Skilled] Spellcasting Skills Final Attributes: You were devoutly aligned. You were fire resistant. You were poison resistant. You were magic-protected. Your writing hand was ok. You were telepathic. You had automatic searching. You were stealthy. You were fast. You had reflection. You had free action. You are dead. Vanquished creatures: a stone golem a vampire lord a ghost 3 queen bees 3 giant mimics a fire giant 2 baby long worms a baby purple worm 2 long worms 2 couatls a fire elemental a water elemental 5 wargs a small mimic 3 ettin mummies 3 trolls a brown bear a werebear 3 freezing spheres a flaming sphere a shocking sphere 2 dwarf kings a tengu 2 ochre jellies a chameleon 4 leocrottas 3 giants 2 elf mummies 3 Grey-elves 2 pythons a cobra a wraith an ettin zombie 2 leather golems a soldier an incubus 3 giant beetles a cockatrice a black light 4 lynxes 3 panthers 3 leprechauns a quivering blob 5 lizards a mountain nymph 2 orc-captains 4 mumakil a scorpion 2 ice vortices 2 vampire bats 2 forest centaurs 2 gnome kings a piranha 2 orc mummies an ogre a brown pudding 2 Green-elves 2 rust monsters 2 owlbears a yeti 2 gold golems a werewolf a chickatrice a dog 2 housecats 2 jaguars 2 dwarf lords a blue jelly 2 white unicorns a gray unicorn a dust vortex 3 plains centaurs 2 apes a human zombie a rope golem 3 soldier ants 4 yellow lights 8 bugbears 2 imps a baby crocodile a wood nymph 10 Mordor orcs 16 Uruk-hai 5 orc shamans a rock mole 4 rock piercers a pony 7 fog clouds a shrieker 3 violet fungi 19 gnome lords 4 gnomish wizards 4 kobold mummies a red naga hatchling a guardian naga hatchling 5 gray oozes 5 elf zombies 3 straw golems 2 paper golems 7 giant ants 2 puppies 5 floating eyes 3 kittens 23 dwarves 2 homunculi 2 quasits 5 kobold lords 3 kobold shamans 11 iguanas 20 hill orcs 9 rothes 2 centipedes 4 jitterbugs 3 giant bats 5 orc zombies 3 dwarf zombies 2 wererats 5 werejackals 68 killer bees 4 gas spores 9 hobbits 4 large kobolds 14 geckos 20 hobgoblins 11 giant rats 9 cave spiders a brown mold 4 yellow molds 3 green molds 2 red molds 62 gnomes 9 garter snakes 3 manes 3 gnome zombies 13 jackals 2 foxes 5 kobolds 13 newts 11 goblins 8 sewer rats 4 grid bugs 9 bats 5 lichens a kobold zombie 661 creatures vanquished. Voluntary challenges: You had followed a strict vegan diet until turn 2532. You had followed a strict vegetarian diet until turn 2532. You donated to a temple 1 time, starting on turn 16028. You did not receive divine protection from a temple. You used a wielded weapon 909 times, starting on turn 9. You did not use sinks. You read items or engraved 59 times, starting on turn 1275. You never genocided any monsters. You never polymorphed an object. You changed form 2 times, starting on turn 21151. You completed Sokoban on turn 15458, according to the rules. You used 4 wishes, starting on turn 3743. You did not wish for any artifacts. You did not apply or invoke any artifacts. You never split a pudding. You never wrote Elbereth's name. You violated your moral code, losing 1 point of alignment, starting on turn 15444. Dungeon overview: The Dungeons of Doom: levels 1 to 19 Level 1 a vault, a fountain, a sink a long staircase Level 2 Level 3 Level 4 an altar to Venus stairs to The Gnomish Mines Level 5 a fountain, a sink Level 6 a fountain, a sink Level 7 a fountain Level 8 some fountains Level 9 some fountains stairs to Sokoban Level 10 some altars to Mercury and Venus Level 11 a vault, many fountains Level 12 a vault Level 13 Level 14 (vault) an empty vault, a fountain Level 15 Level 16 Level 17 (vault) a vault Level 18 Level 19 <- You were here The Gnomish Mines: levels 5 to 13 Level 5 stairs to The Dungeons of Doom Level 6 Level 7 many shops, a temple to Mars, a magic chest, some fountains, some trees Level 8 Level 9 Level 10 Level 11 Level 12 Level 13 some altars to Moloch, a magic chest, a fountain Sokoban: levels 5 to 8 Level 5 a magic chest Level 6 Level 7 Level 8 a magic chest stairs to The Dungeons of Doom History has recorded: On T:1 you entered the Dungeons of Doom to retrieve the Amulet of Yendor! On T:259 you reached level 2 of The Dungeons of Doom. On T:379 you advanced to experience level 2. On T:469 you reached level 3 of The Dungeons of Doom. On T:540 you reached level 4 of The Dungeons of Doom. On T:542 you advanced to experience level 3. On T:737 you unlocked the fruit name option by eating a melon. On T:888 you reached level 1 of The Gnomish Mines. On T:967 you advanced to experience level 4. On T:1035 you unlocked the Hoplite role by converting an altar's alignment. On T:1035 you unlocked the valkyrie race by converting an altar's alignment. On T:1244 you reached level 5 of The Dungeons of Doom. On T:1818 you advanced to experience level 5. On T:2150 you reached level 2 of The Gnomish Mines. On T:2509 you advanced to experience level 6. On T:2889 you reached level 3 of The Gnomish Mines. On T:3014 you entered the Minetown temple On T:3116 you reached level 4 of The Gnomish Mines. On T:3422 you reached level 6 of The Dungeons of Doom. On T:3743 you wished for "2 blessed scrolls of charging". On T:3841 you wished for "blessed greased fixed +2 silver dragon scale mail". On T:3856 you wished for "blessed greased fixed +2 cloak of magic resistance". On T:4611 you reached level 7 of The Dungeons of Doom. On T:4914 you advanced to experience level 7. On T:5007 you unlocked the Knight role by entering a treasure zoo. On T:5007 you unlocked the horse name option by entering a treasure zoo. On T:5526 you unlocked the Caveman role by digging. On T:6377 you reached level 8 of The Dungeons of Doom. On T:7821 you reached level 9 of The Dungeons of Doom. On T:7849 you advanced to experience level 8. On T:8297 you reached level 10 of The Dungeons of Doom. On T:8335 you reached level 4 of Sokoban. On T:9649 you reached level 5 of The Gnomish Mines. On T:11039 you advanced to experience level 9. On T:11056 you reached level 6 of The Gnomish Mines. On T:13141 you reached level 11 of The Dungeons of Doom. On T:14074 you reached level 3 of Sokoban. On T:14074 you unlocked the elven race by using stairs in Sokoban. On T:14074 you unlocked the race option by using stairs in Sokoban. On T:14074 you unlocked the showrace option by using stairs in Sokoban. On T:14570 you reached level 2 of Sokoban. On T:14844 you reached level 1 of Sokoban. On T:15458 you advanced to experience level 10. On T:15458 you entered the Sokoban zoo. On T:16325 you reached level 7 of The Gnomish Mines. On T:16474 you reached level 8 of The Gnomish Mines. On T:16517 you reached level 9 of The Gnomish Mines. On T:16517 you reached the bottom of the Mines. On T:16517 you unlocked the dwarven race by reaching the bottom of the Mines. On T:19324 you received Vorpal Blade from Venus. On T:19689 you advanced to experience level 11. On T:19901 you prayed to Venus. On T:20402 you prayed to Venus. On T:20405 you unlocked the Healer role by receiving holy water as a result of prayer. On T:21137 you wished for "blessed orange dragon scales". On T:21583 you reached level 12 of The Dungeons of Doom. On T:21768 you unlocked the orcish race by entering a throne room. On T:21809 you prayed to Venus. On T:22522 you prayed to Venus. On T:23405 you reached level 13 of The Dungeons of Doom. On T:23421 you reached level 14 of The Dungeons of Doom. On T:23960 you reached level 15 of The Dungeons of Doom. On T:25100 you reached level 16 of The Dungeons of Doom. On T:25126 you advanced to experience level 12. On T:25355 you reached level 17 of The Dungeons of Doom. On T:25464 you reached level 18 of The Dungeons of Doom. On T:25464 you entered the Rogue tribute level. On T:25661 you reached level 19 of The Dungeons of Doom. Score breakdown: Gold: 678 ( 67 points) Experience: 12 levels ( 1100 points) Exploration: 19 levels ( 540 points) Discoveries: 72 items ( 2000 points) Variety of kills: 144 monsters ( 2000 points) Major goal: Sokoban/Mines ( 1500 points) Survival: died (score multiplied by 3) Total score: 21621 Latest messages: You destroy the vampire lord! You slash the fire elemental! You feel mildly warm. The fire elemental bumps right into you! You hack the fire elemental! You kill the fire elemental! Your lamp is now on. You find a sleeping gas trap. Your lamp is now off. You fall down the stairs. The dire bear mauls you! (2x) The dire bear bites! You hack the dire bear! The dire bear just misses! The dire bear misses. The dire bear bites! You hear a door open. The kitten misses. The dire bear mauls you! (2x) You die... Final status: Goodbye Merlek the Ranger, killed by a dire bear... You died in The Dungeons of Doom on dungeon level 19 with 21621 points, and 678 pieces of gold, after 25662 moves. You were level 12 with a maximum of 82 hit points when you died.